 Dungeon Crawl Stone Soup version 0.21.1-1-g345015f (webtiles) character file.

38 Kandryn the Cudgeler (level 3, 0/36 HPs)
             Began as a Troll Berserker on June 22, 2018.
             Was a Believer of Trog.
             Succumbed to a worker ant's poison
             ... on level 1 of the Dungeon.
             The game lasted 00:02:45 (823 turns).

Kandryn the Cudgeler (Troll Berserker)               Turns: 823, Time: 00:02:46

Health: 0/36       AC:  5    Str: 26    XL:     3   Next: 25%
Magic:  2/2        EV: 10    Int:  3    God:    Trog [**....]
Gold:   35         SH:  0    Dex:  9    Spells: 2/2 levels left

rFire    . . .     SeeInvis .   a - +0 mace
rCold    . . .     Gourm    +   (no shield)
rNeg     . . .     Faith    .   b - +0 animal skin
rPois    .         Spirit   .   (helmet restricted)
rElec    .         Reflect  .   (no cloak)
rCorr    .         Harm     .   (gloves unavailable)
MR       .....                  (boots unavailable)
Stlth    +.........             (no amulet)
HPRegen  0.52/turn              (no ring)
MPRegen  0.08/turn              (no ring)

@: lethally poisoned (0 -> -7)
A: large, unfitting armour, claws 3, fast metabolism 3, gourmand, regeneration
1, shaggy fur 1, tough skin 2
a: Berserk, Trog's Hand, Burn Spellbooks, Renounce Religion


You were on level 1 of the Dungeon.
You worshipped Trog.
Trog was pleased with you.
You were very full.

You visited 1 branch of the dungeon, and saw 2 of its levels.

You collected 35 gold pieces.

Inventory:

Hand Weapons
 a - a +0 mace (weapon)
Armour
 b - a +0 animal skin (worn)
Jewellery
 h - an uncursed ring of flight {unknown}
Scrolls
 d - a scroll of blinking {unknown}
 f - a scroll of fog {unknown}
 g - a scroll of identify {unknown}
Potions
 e - a potion of might {unknown}
Comestibles
 c - 6 rations
 i - a chunk of flesh


   Skills:
 + Level 2.8 Fighting
 + Level 3.2 Maces & Flails
 + Level 2.8 Dodging


You had 2 spell levels left.
You didn't know any spells.

Dungeon Overview and Level Annotations

Branches:
Dungeon (2/15)

Altars:


Innate Abilities, Weirdness & Mutations

You are too large for most types of armour.
You have claws for hands.
Your metabolism is lightning-fast.
You like to eat raw meat.
Your natural rate of healing is unusually fast.
You are covered in fur. (AC +1)
You have very tough skin. (AC +2)


Message History

The worker ant bites you!
You are more poisoned.
The worker ant poisons you!
You closely miss the jackal.
You feel sick. The jackal closely misses you.
The worker ant bites you but does no damage.
The jackal bites you but does no damage.
You hit the jackal.
You kill the jackal!
Trog accepts your kill.
You can now call upon Trog for regeneration and magic resistance.
You feel sick. The worker ant bites you.
* * * LOW HITPOINT WARNING * * *
You are lethally poisoned!
The worker ant poisons you! The worker ant bites you.
* * * LOW HITPOINT WARNING * * *
* * * LOW HITPOINT WARNING * * *
You feel sick. The worker ant bites you.
* * * LOW HITPOINT WARNING * * *
You climb upwards.
You die...

......#
####..##.########.#
......######..##.#
#.#
..............##.#
#.#
............#....#
###
............#(.#.#
............##.#.#
..###............#
...............a.#
................@#
...........#.....#
...........#.....#
...(.......#.....#
...........#.....#
...........#)....#
##.........#.....#
#.........#.....#
#.........#.....#


You could see a worker ant.

Vanquished Creatures
  2 dart slugs (D:1)
  A leopard gecko (D:1)
  A bat (D:1)
  3 giant cockroaches (D:1)
  6 hobgoblins
  2 jackals (D:2)
  3 frilled lizards (D:1)
  A goblin (D:1)
  8 kobolds
  4 rats
31 creatures vanquished.

Notes
Turn   | Place    | Note
-------+----------+-------------------------------------------
     0 | D:1      | Kandryn the Troll Berserker began the quest for the Orb.
     0 | D:1      | Reached XP level 1. HP: 22/22 MP: 0/0
   265 | D:1      | Reached XP level 2. HP: 29/29 MP: 1/1
   293 | D:1      | Reached skill level 3 in Maces & Flails
   583 | D:1      | Reached XP level 3. HP: 32/36 MP: 2/2
   821 | D:2      | Reached ** piety under Trog
   823 | D:1      | Succumbed to a worker ant's poison

Skill      XL: |  1  2 |
---------------+-------+-----
Maces & Flails | 3 |  3.2
Fighting       | |  2.8
Dodging        | |  2.8

Action                   || total
-------------------------++-------
Melee: Mace              ||    86
  Use: Scroll            ||     3
       Potion            ||     1
 Stab: Sleeping          ||     1
  Eat: Chunk             ||    12
Armor: Animal skin       ||    43
Dodge: Dodged            ||    70
